 Dungeon Crawl Stone Soup version 0.23.1-37-gaa34b87 (webtiles) character file.

Game seed: 17223581449124278195

1053 dhn the Chopper (level 8, -9/70 HPs)
             Began as a Minotaur Fighter on Mar 25, 2019.
             Mangled by Menkaure (16 damage)
             ... on level 4 of the Dungeon.
             The game lasted 00:05:02 (5063 turns).

dhn the Chopper (Minotaur Fighter)                  Turns: 5063, Time: 00:05:03

Health: -9/70      AC:  8    Str: 22    XL:     8   Next: 5%
Magic:  7/7        EV:  9    Int:  6    God:
Gold:   199        SH: 10    Dex: 10    Spells: 7/7 levels left

rFire    . . .     SeeInvis .   a - +0 war axe
rCold    . . .     Gourm    .   c - +0 shield
rNeg     . . .     Faith    .   b - +0 scale mail
rPois    .         Spirit   .   (helmet restricted)
rElec    .         Reflect  .   q - +0 cloak
rCorr    .         Harm     .   (no gloves)
MR       .....                  (no boots)
Stlth    ..........             (no amulet)
HPRegen  0.21/turn              (no ring)
MPRegen  0.10/turn              (no ring)

@: no status effects
A: retaliatory headbutt, horns 2, blurry vision 1, MP-powered wands
a: no special abilities


You were on level 4 of the Dungeon.
You were not hungry.

You visited 1 branch of the dungeon, and saw 5 of its levels.

You collected 199 gold pieces.

Inventory:

Hand Weapons
 a - a +0 war axe (weapon)
Armour
 b - a +0 scale mail (worn)
 c - a +0 shield (worn)
 q - a +0 cloak (worn)
Jewellery
 e - an uncursed ring of protection from fire {unknown}
 l - an uncursed ring of protection from magic {unknown}
 t - an uncursed ring of protection from cold {unknown}
Scrolls
 g - 2 scrolls of teleportation
 h - a scroll of fog {unknown}
 i - 3 scrolls of identify
 k - a scroll of enchant weapon {unknown}
 o - a scroll of blinking {unknown}
 p - a scroll of fear {unknown}
 r - a scroll of magic mapping {unknown}
 v - a scroll of remove curse {unknown}
Potions
 d - 5 potions of might
 j - 2 potions of flight {unknown}
 m - 3 potions of heal wounds {unknown}
 n - a potion of brilliance {unknown}
 s - a potion of mutation
Comestibles
 f - 10 rations


   Skills:
 + Level 5.8 Fighting
 + Level 7.4 Axes
 + Level 5.8 Armour
 + Level 2.4 Dodging
 + Level 0.6 Stealth
 + Level 6.0 Shields


You had 7 spell levels left.
You didn't know any spells.
Your spell library contained the following spells:

 Spells                   Type           Power        Failure   Level  Hunger
 Sting                    Conj/Pois      #...         98%         1    ##.....
 Poisonous Vapours        Pois/Air       #.....       99%         2    ###....
 Mephitic Cloud           Conj/Pois/Air  #.......     100%        3    ####...
 Olgreb's Toxic Radiance  Pois           #.......     100%        4    #####..
 Venom Bolt               Conj/Pois      #.........   100%        5    ######.


Dungeon Overview and Level Annotations

Branches:
Dungeon (5/15)             Temple (0/1) D:5

Altars:
Sif Muna
Wu Jian
Xom

Shops:
D:5 !

Annotations:
D:4 Menkaure


Innate Abilities, Weirdness & Mutations

You reflexively headbutt those who attack you in melee.
You have a pair of horns on your head.
Scrolls take you a little longer to read.
You expend magic power (3 MP) to strengthen your wands.


Message History

You climb upwards.
There is a stone staircase leading down here.
Unknown command.
Menkaure completely misses you. You furiously retaliate!
You headbutt Menkaure! You block the gnoll's attack.
You slash Menkaure!
Menkaure is almost destroyed.
Menkaure hits you!
* * * LOW HITPOINT WARNING * * *
You block Menkaure's attack.
You hit Menkaure but do no damage.
Menkaure is almost destroyed.
Menkaure hits you.
* * * LOW HITPOINT WARNING * * *
It was a potion of mutation.
You feel extremely strange.
Your vision blurs.
You feel your magical essence link to your wands.
You block Menkaure's attack. Menkaure hits you!
You die...

##########
#........# ###
#.####.#.###.##
#.####.#.##...####
#.##........)..##.
#.##.#.#.##)#).)..
#........###.##...
#.##.#.### #####..
#@Mgg..#### ##.
####.>....# #.
######.# #. #.#
##' #.# ##.. ###.#
##... ##.#.#
##....
##....###.....
#.......'.....


You could see Menkaure and 2 gnolls.

Vanquished Creatures
  Sigmund (D:2)
  An ice beast (D:5)
  A sky beast (D:3)
  An ogre (D:4)
  A centaur (D:5)
  A scorpion (D:5)
  Crazy Yiuf (D:3)
  An orc priest (D:4)
  A worker ant (D:4)
  Natasha (twice) (D:2)
  An iguana (D:5)
  2 worker ant zombies
  7 gnolls
  13 adders
  An ooze (D:5)
  An adder zombie (D:4)
  3 worms (D:3)
  A dart slug (D:2)
  2 leopard geckos
  7 orcs
  6 giant cockroaches
  12 goblins
  10 hobgoblins
  6 jackals
  9 kobolds
  2 quokkas (D:3)
  3 ball pythons
  A ball python skeleton (D:4)
  4 bats
  9 frilled lizards
  25 rats
136 creatures vanquished.

Notes
Turn   | Place    | Note
-------+----------+-------------------------------------------
     0 | D:1      | dhn the Minotaur Fighter began the quest for the Orb.
     0 | D:1      | Reached XP level 1. HP: 19/19 MP: 0/0
   195 | D:1      | Reached XP level 2. HP: 25/27 MP: 1/1
   525 | D:2      | Noticed Natasha
   529 | D:2      | Killed Natasha
   529 | D:2      | Reached skill level 3 in Axes
   529 | D:2      | Reached XP level 3. HP: 33/33 MP: 2/2
   616 | D:2      | Noticed Sigmund
   625 | D:2      | Killed Sigmund
   625 | D:2      | Reached skill level 4 in Axes
   625 | D:2      | Reached skill level 1 in Dodging
   625 | D:2      | Reached XP level 4. HP: 15/41 MP: 3/3
   625 | D:2      | Reached XP level 5. HP: 17/47 MP: 4/4
   924 | D:2      | Noticed Natasha
   931 | D:2      | Killed Natasha
   931 | D:2      | Reached skill level 5 in Axes
  1344 | D:2      | Reached skill level 5 in Fighting
  1344 | D:2      | Reached XP level 6. HP: 56/56 MP: 5/5
  1757 | D:3      | Found a deep blue altar of Sif Muna.
  1764 | D:3      | Found a shimmering altar of Xom.
  2093 | D:3      | Found a runed translucent door.
  2094 | D:3      | Noticed Crazy Yiuf
  2554 | D:3      | Noticed a sky beast
  2566 | D:3      | Killed a sky beast
  2566 | D:3      | Reached skill level 6 in Axes
  2566 | D:3      | Reached skill level 5 in Shields
  3250 | D:3      | Killed Crazy Yiuf
  3250 | D:3      | Reached XP level 7. HP: 54/61 MP: 6/6
  3775 | D:4      | Reached skill level 5 in Armour
  3834 | D:4      | Found an ornate altar of the Wu Jian Council.
  4454 | D:5      | Entered Level 5 of the Dungeon
  4583 | D:5      | Reached skill level 7 in Axes
  4680 | D:5      | Reached XP level 8. HP: 70/70 MP: 7/7
  4683 | D:5      | Found Diphes's Distillery.
  4830 | D:5      | Found a staircase to the Ecumenical Temple.
  5045 | D:5      | Noticed Menkaure
  5062 | D:4      | Gained mutation: Scrolls take you a little longer to read.
                  | [potion of mutation]
  5062 | D:4      | Gained mutation: You expend magic power (3 MP) to
                  | strengthen your wands. [potion of mutation]
  5063 | D:4      | Mangled by Menkaure

Skill      XL: |  1  2  3  4  5  6  7  8 |
---------------+-------------------------+-----
Shields        | 4 5 6 |  6.0
Fighting       | 4 5 |  5.8
Axes           | 3 4 5 6 7 |  7.4
Armour         | 4 5 |  5.8
Dodging        | 1 2 |  2.4
Stealth        | |  0.6

Action                   |  1- 3 |  4- 6 |  7- 9 || total
-------------------------+-------+-------+-------++-------
Melee: War axe           |    61 |   170 |    94 ||   325
       Headbutt          |     4 |    27 |    19 ||    50
  Use: Scroll            |       |     1 |       ||     1
       Potion            |       |       |     1 ||     1
  Eat: Chunk             |       |     6 |     4 ||    10
       Ration            |       |       |     1 ||     1
Armor: Scale mail        |    34 |    55 |    27 ||   116
Dodge: Dodged            |    15 |    45 |    35 ||    95
Block: Shield            |    27 |    87 |    58 ||   172
